AoeStats
← DamosReload2202

Nomad

507982041Analyzed
2v2 RM · 12d ago on Sep 20, 2026· 46m 46s· 4 players
Game mode
Random Map
Map size
176×176
Population
200
Speed
Normal
Resources
Standard
Victory
Conquest
Starting age
Dark Age
Ending age
Imperial Age
RankedLock teamsTeams togetherTeam positionsShared explorationLock speedFull tech treeHidden civsTurbo modeCheats
Victory
Defeat
🇸🇪 Vikings · Sweden
1227
+15
🇭🇺 Persians · Hungary
1162
+17
🇨🇴 Italians · Colombia
1229
-17
🇫🇷 Chinese · France
1165
-15
po_v1ft!
12:57 Feudal Age
11:33 Loom
13:48 Double-Bit Axe
18:58 Castle Age
18:03 Fletching
18:56 Fishing Lines
21:17 Bodkin Arrow
21:42 Gold Mining
22:16 Gillnets
25:18 Ballistics
30:12 Imperial Age
28:26 Scale Mail Armor
28:28 Squires
28:14 Arson
29:29 Murder Holes
30:00 Town Watch
32:08 Chemistry
32:57 Gold Shaft Mining
32:15 Stone Mining
33:04 Chain Mail Armor
33:32 Block Printing
35:28 Forging
35:37 Fervor
36:42 Bracer
36:43 Padded Archer Armor
37:17 Plate Mail Armor
36:55 Elite Skirmisher
38:22 Iron Casting
39:33 Conscription
40:52 Masonry
42:16 Elite Berserk
43:40 Padded Archer Armor
44:59 Blast Furnace
44:59 Architecture
44:49 Elite Cannon Galleon
Hun FaT_Jaguar
10:07 Loom
13:33 Feudal Age
18:24 Castle Age
25:49 Double-Bit Axe
29:33 Fletching
29:27 Elite Skirmisher
30:09 Padded Archer Armor
31:19 Ballistics
32:04 Bodkin Arrow
38:59 Bow Saw
43:38 Imperial Age
41:46 Wheelbarrow
45:59 Bloodlines
46:04 Forging
45:59 Scale Barding Armor
46:14 Husbandry
DamosReload2202
3:18 Loom
15:44 Feudal Age
15:49 Man-at-Arms
16:16 Double-Bit Axe
16:15 Horse Collar
17:15 Town Watch
19:16 Wheelbarrow
24:13 Castle Age
24:01 Forging
24:23 Pikeman
25:03 Squires
44:24 Stone Mining
molina_229
7:17 Loom
13:23 Feudal Age
18:51 Castle Age
20:29 Medium Warships
26:11 Imperial Age
23:57 Double-Bit Axe
25:53 Fletching
26:40 Bodkin Arrow
27:16 Town Watch
28:01 Bracer
29:53 Padded Archer Armor
31:59 Leather Archer Armor
32:35 Conscription
33:40 Ring Archer Armor
34:35 Chemistry
34:55 Ballistics
Connection lost

Rejoining the realm…

Still unreachable

The connection could not be restored.

Session expired

The server has moved on; the page needs a fresh start.